 Dungeon Crawl Stone Soup version 0.25-a0-578-gc91f01c39c (webtiles) character file.

Game seed: 1871145332336371358, levelgen mode: deterministic

86 An17 the Insei (level 4, -9/22 HPs)
             Began as a Vine Stalker Transmuter on Mar 6, 2020.
             Killed by divine providence
             ... invoked by an orc priest
              (13 damage)
             ... on level 3 of the Dungeon.
             The game lasted 00:07:39 (2254 turns).

An17 the Insei (Vine Stalker Transmuter)            Turns: 2254, Time: 00:07:41

Health: -9/22      AC:  3    Str: 13    XL:     4   Next: 50%
Magic:  0/8        EV: 12    Int: 14    God:
Gold:   105        SH:  4    Dex: 14    Spells: 3/9 levels left

rFire    . . .     SeeInvis .     - Unarmed
rCold    . . .     Gourm    .   (no shield)
rNeg     . . .     Faith    .   b - +1 robe
rPois    .         Spirit   +   (helmet restricted)
rElec    .         Reflect  .   (no cloak)
rCorr    .         Harm     .   (no gloves)
MR       .....                  (no boots)
Stlth    +.........             (no amulet)
HPRegen  0.47/turn              (no ring)
MPRegen  0.11/turn              (no ring)

@: no status effects
A: antennae 1, fangs 2, large bone plates 1, low mp 1, regeneration 1, screaming
1, magic shield, antimagic bite, no potion heal 3, rot immunity
a: no special abilities


You were on level 3 of the Dungeon.
You were not hungry.

You visited 1 branch of the dungeon, and saw 3 of its levels.

You collected 105 gold pieces.

Inventory:

Missiles
 a - 12 arrows
 d - 18 poisoned darts (quivered)
Armour
 b - a +1 robe (worn)
 k - a +0 chain mail
Wands
 j - a wand of flame (22)
Scrolls
 h - a scroll of enchant armour
Potions
 e - a potion of haste {unknown}
 f - a potion of brilliance {unknown}
 g - 2 potions of cancellation
 i - a potion of heal wounds


   Skills:
 + Level 1.1 Fighting
 + Level 2.0 Dodging
 + Level 4.0 Unarmed Combat
 + Level 3.0 Spellcasting
 + Level 2.3 Transmutations


You had 3 spell levels left.
You knew the following spells:

 Your Spells              Type           Power        Failure   Level  Hunger
a - Beastly Appendage     Tmut           #.....       9%          1    #......
b - Sticks to Snakes      Tmut           #.......     12%         2    ##.....
c - Spider Form           Tmut/Pois      #.........   36%         3    ###....

Your spell library contained the following spells:

 Spells                   Type           Power        Failure   Level  Hunger
 Ice Form                 Ice/Tmut       #.......     78%         4    #####..
 Blade Hands              Tmut           #.........   92%         5    ######.


Dungeon Overview and Level Annotations

Branches:
Dungeon (3/15)

Altars:
Makhleb
Nemelex Xobeh


Innate Abilities, Weirdness & Mutations

You have extremely sharp teeth.
Your natural rate of healing is unusually fast.
When hurt, damage is shared between your health and your magic reserves.
Your bite disrupts and absorbs the magic of your enemies.
Potions cannot restore your health.
You are immune to rotting.
You have a pair of small antennae on your head.
You are partially covered in large bone plates. (SH +4)
Your magical capacity is low. (-10% MP)
You occasionally shout uncontrollably at your foes.


Message History

The orc wizard's wounds heal themselves!
Okay, then.
Okay, then.
Okay, then.
Casting: Beastly Appendage (safe; 9% risk of failure)
Confirm with . or Enter, or press ? or * to list all spells.
Okay, then.
It was a potion of mutation.
You feel extremely strange.
You feel less energetic.
You feel the urge to shout.
Large bone plates grow over parts of your arms.
A pair of antennae grows on your head!
The orc wizard hits you with a +0 dagger.
* * * LOW HITPOINT WARNING * * *
It was a potion of heal wounds.
That seemed strangely inert.
The orc wizard hits you with a +0 dagger.
* * * LOW HITPOINT WARNING * * *
The orc priest calls down the wrath of Beogh upon you.
Beogh smites you!
Ouch! That really hurt!
You die...

##### ....# ....#
....# ...
####....### ...
#####.orow.....
......
###....@##..w....
......####...#####
.......
........##.###
..##... ....#
#....#####.. ..#
..
#...###..........#
.## #
###.......###..###
.# ........#...#
.# .#
........###.# ..
........## ..# ##


You could see a worm, an orc priest, an orc wizard and a rat.

Vanquished Creatures
  2 adders
  An ooze (D:2)
  4 worms
  2 leopard geckos
  An orc (D:3)
  A ball python (D:2)
  3 giant cockroaches (D:1)
  12 goblins
  A hobgoblin (D:2)
  2 quokkas
  8 bats
  4 frilled lizards
  4 kobolds
  4 rats
49 creatures vanquished.

Notes
Turn   | Place    | Note
-------+----------+-------------------------------------------
     0 | D:1      | An17 the Vine Stalker Transmuter began the quest for the
                  | Orb.
     0 | D:1      | Reached XP level 1. HP: 9/9 MP: 4/4
   228 | D:1      | Reached XP level 2. HP: 12/14 MP: 6/6
   232 | D:1      | Learned a level 2 spell: Sticks to Snakes
   475 | D:1      | Reached skill level 1 in Fighting
   955 | D:2      | Reached XP level 3. HP: 15/18 MP: 6/8
   960 | D:2      | Learned a level 3 spell: Spider Form
  1360 | D:2      | Found a sparkling altar of Nemelex Xobeh.
  1910 | D:2      | Found a burning altar of Makhleb.
  1924 | D:2      | Gained mutation: Your natural rate of healing is unusually
                  | fast. [Vine Stalker growth]
  1924 | D:2      | Reached XP level 4. HP: 22/22 MP: 7/9
  2169 | D:3      | Reached skill level 4 in Unarmed Combat
  2253 | D:3      | Gained mutation: Your magical capacity is low. (-10% MP)
                  | [potion of mutation]
  2253 | D:3      | Gained mutation: You occasionally shout uncontrollably at
                  | your foes. [potion of mutation]
  2253 | D:3      | Gained mutation: You are partially covered in large bone
                  | plates. (SH +4) [potion of mutation]
  2253 | D:3      | Gained mutation: You have a pair of small antennae on your
                  | head. [potion of mutation]
  2254 | D:3      | Killed from afar by an orc priest

Levels and vault maps discovered:
D:1:      dpeg_arrival_erosion, layout_basic, minmay_cut_off
D:2:      layout_basic, nicolae_overflow_crystal_walls, lemuel_crystal_altar
D:3:      layout_rooms, nicolae_overflow_hidden_temple,
          nemelex_spade_bored_becter

Skill      XL: |  1  2  3  4 |
---------------+-------------+-----
Fighting       | 1 |  1.1
Spellcasting   | 3 |  3.0
Dodging        | 2 |  2.0
Unarmed Combat | 4 |  4.0
Transmutations | |  2.3

Action                   |  1- 3 |  4- 6 || total
-------------------------+-------+-------++-------
Melee: Unarmed           |   103 |    38 ||   141
       Bite              |    15 |    14 ||    29
       Headbutt          |     7 |     3 ||    10
       Kick              |     8 |     1 ||     9
       Punch             |     1 |     2 ||     3
 Cast: Beastly Appendage |    22 |     4 ||    26
  Use: Scroll            |     3 |     1 ||     4
       Potion            |       |     2 ||     2
  Eat: Ration            |     1 |     1 ||     2
Armor: Robe              |    26 |     7 ||    33
Dodge: Dodged            |    68 |    17 ||    85

Table legend:
 A = Non-vault XP
 B = Vault XP
 C = Vault XP percentage of total XP
 D = Non-vault monster count
 E = Vault monster count
 F = Vault count percentage of total count
                 A         B        C        D         E       F
            +---------+---------+-------+---------+---------+-------
      Total |     118 |       6 |   4.8 |      45 |       4 |   8.2
            +---------+---------+-------+---------+---------+-------
        D:1 |      21 |       6 |  22.2 |      13 |       4 |  23.5
        D:2 |      67 |       0 |   0.0 |      26 |       0 |   0.0
        D:3 |      30 |       0 |   0.0 |       6 |       0 |   0.0
            +---------+---------+-------+---------+---------+-------
